 Dungeon Crawl Stone Soup version 0.30-a0-782-ge64f9170bb (webtiles) character file.

Game seed: 6074938053425561552

54 mopl the Vexing (level 3, 0/19 HPs)
             Began as a Deep Elf Enchanter on Mar 10, 2023.
             Succumbed to an adder's poison
             ... on level 2 of the Dungeon.
             The game lasted 00:02:29 (1216 turns).

mopl the Vexing (Deep Elf Enchanter)                Turns: 1216, Time: 00:02:30

Health: 0/19       AC:  3    Str:  5    XL:     3   Next: 66%
Magic:  2/10       EV: 17    Int: 21    God:
Gold:   66         SH:  0    Dex: 15    Spells: 1/9 levels left

rFire   . . .      SeeInvis .    a - +1 dagger
rCold   . . .      Faith    .    (no shield)
rNeg    . . .      Spirit   .    b - +0 robe
rPois   .          Reflect  .    (no helmet)
rElec   .          Harm     .    (no cloak)
rCorr   .          Rampage  .    (no gloves)
Will    .....                    n - +0 pair of boots {Stlth+}
Stlth   ++++                     (no amulet)
HPRegen 0.23/turn                j - +5 ring of evasion
MPRegen 0.12/turn                (no ring)

@: lethally poisoned (0 -> -1), very slightly contaminated
A: no striking features
a: no special abilities


You were on level 2 of the Dungeon.
You visited 1 branch of the dungeon, and saw 2 of its levels.

You collected 66 gold pieces.

Inventory:

Hand Weapons
 a - a +1 dagger (weapon)
Armour
 b - a +0 robe (worn)
 n - a +0 pair of boots of stealth (worn)
Jewellery
 h - a ring of see invisible
 j - a +5 ring of evasion (left hand)
Scrolls
 d - 4 scrolls of identify
 e - a scroll of immolation
 g - a scroll of fear {unknown}
 i - a scroll of enchant armour {unknown}
 k - a scroll of vulnerability {unknown}
 l - a scroll of brand weapon {unknown}
 m - a scroll of silence {unknown}
Potions
 c - 2 potions of invisibility


   Skills:
 + Level 1.9 Short Blades
 - Level 2.4 Dodging
 + Level 4.3 Stealth
 + Level 3.8 Spellcasting
 + Level 4.6 Hexes


You had one spell level left.
You knew the following spells:

 Your Spells              Type           Power      Damage    Failure   Level
b - Ensorcelled Hibernat  Hex/Ice        26%        N/A       7%          2
c - Confusing Touch       Hex            23%        N/A       5%          3
d - Tukima's Dance        Hex            23%        N/A       5%          3

Your spell library contained the following spells:

 Spells                   Type           Power      Damage    Failure   Level
 Dazzling Flash           Conj/Hex       26%        N/A       14%         3


Dungeon Overview and Level Annotations

Branches:
Dungeon (2/15)

Altars:


Message History

An adder is nearby!
You miscast Ensorcelled Hibernation.
You are very lightly contaminated with residual magic.
Nothing appears to happen.
You feel sick. The adder misses you.
The adder resists with significant effort.
You feel sick. The adder bites you.
You are too injured to fight recklessly!
Casting: Ensorcelled Hibernation (safe; 8% risk of failure)
Confirm with . or Enter, or press ? or * to list all spells.
Aiming: Ensorcelled Hibernation (safe; 8% risk of failure)
Press: ? - help, Shift-Dir - straight line, f/p - adder
Aim: an adder (chance to affect: 55%)
The adder resists with significant effort.
You feel sick. The adder bites you.
* * * LOW HITPOINT WARNING * * *
Casting: Ensorcelled Hibernation (safe; 8% risk of failure)
Confirm with . or Enter, or press ? or * to list all spells.
Aiming: Ensorcelled Hibernation (safe; 8% risk of failure)
Press: ? - help, Shift-Dir - straight line, f/p - adder
Aim: an adder (chance to affect: 55%)
The adder looks drowsy...
* * * LOW HITPOINT WARNING * * *
You feel sick.
Okay, then.
The helpless adder fails to defend itself.
You impale the adder!!
You kill the adder!
* * * LOW HITPOINT WARNING * * *
You feel sick.
Okay, then.
As you read the scroll labelled KAREAD BINNIAJ, it crumbles to dust.
It is a scroll of identify.
e - a scroll of immolation
* * * LOW HITPOINT WARNING * * *
You feel sick.
Blink to where?
Press: ? - help, Dir - move target
As you read the scroll labelled DUZXIPLUOSH, it crumbles to dust.
It was a scroll of blinking.
You die...

.... ##..# ####...##
+.....§.# ####...##
###..#####
#....†...# ...
#.##.###.# #'#
#@##.....# ###<#
#.##.....# ...#
#.##.....# #..##
#.##..†..# ##...##
#.##.....# #...†.#
#........# #
#...###########.###
#.##..##...........#
#....##.###########


There were no monsters in sight!

Vanquished Creatures
  2 adders (D:2)
  2 dart slugs (D:1)
  2 bats (D:1)
  3 endoplasms (D:1)
  3 giant cockroaches
  4 goblins
  2 hobgoblins (D:1)
  3 jackals (D:2)
  A ball python (D:1)
  5 kobolds
  3 rats
30 creatures vanquished.

Notes
Turn   | Place    | Note
-------+----------+-------------------------------------------
     0 | D:1      | mopl the Deep Elf Enchanter began the quest for the Orb.
     0 | D:1      | Reached XP level 1. HP: 10/10 MP: 6/6
   263 | D:1      | Reached XP level 2. HP: 13/15 MP: 8/8
   266 | D:1      | Learned a level 2 spell: Ensorcelled Hibernation
   381 | D:1      | Reached skill level 4 in Stealth
  1086 | D:2      | Reached XP level 3. HP: 19/19 MP: 7/10
  1165 | D:2      | Learned a level 3 spell: Tukima's Dance
  1169 | D:2      | Learned a level 3 spell: Confusing Touch
  1216 | D:2      | Succumbed to an adder's poison

Illustrated notes

Levels and vault maps discovered:
D:1:      heliophobic_arrival_battle_scene, layout_loops_corners,
          kennysheep_decorative_pillar, minmay_misc_feat_diagonals
D:2:      layout_loops_corners, basic_altar, uniq_crazy_yiuf_cottage

Skill      XL: |  1  2 |
---------------+-------+-----
Stealth        | 4 |  4.3
Short Blades   | |  1.9
Dodging        | |  2.4
Spellcasting   | |  3.8
Hexes          | |  4.6

Action                     || total
---------------------------++-------
  Melee: Dagger            ||    77
   Cast: Ensorcelled Hiber ||    11
    Use: Scroll            ||     2
   Stab: Sleeping          ||    15
 Armour: Robe              ||     6
  Dodge: Dodged            ||    45

Table legend: (Time is in decaauts)
 A = Elapsed time spent in this place.
 B = Non-inter-level travel time spent in this place.
 C = Inter-level travel time spent in this place.
 D = Time resting spent in this place.
 E = Time spent auto-exploring this place.
 F = Levels seen in this place.
 G = Mean time per level.
                   A        B        C        D        E       F      G
               +--------+--------+--------+--------+--------+-----+--------+
         Total |   1210 |   1191 |     19 |     59 |    877 |   2 |  605.0 |
       Dungeon |   1210 |   1191 |     19 |     59 |    877 |   2 |  605.0 |
               +--------+--------+--------+--------+--------+-----+--------+

Top non-repeatable levels by time:
     D:1: 949 daAuts
     D:2: 260 daAuts
